 Dungeon Crawl Stone Soup version 0.29.1-15-g9cfb28693d (webtiles) character file.

Game seed: 232977204640709352

630 Heoruswealwe the Magician (level 7, 0/36 HPs)
             Began as a Deep Elf Earth Elementalist on Apr 14, 2023.
             Slain by Pikel
             ... wielding a +1 whip of freezing
              (2 damage)
             ... on level 4 of the Dungeon.
             The game lasted 00:53:28 (6128 turns).

Heoruswealwe the Magician (DEEE)                    Turns: 6128, Time: 00:53:28

Health: 0/36       AC:  4    Str:  4 (5)  XL:     7   Next: 24%
Magic:  15/20      EV: 10    Int: 20 (22) God:
Gold:   204        SH:  0    Dex: 21      Spells: 11/21 levels left

rFire   . . .      SeeInvis .   b - +0 scythe
rCold   . . .      Faith    .   (shield currently unavailable)
rNeg    . . .      Spirit   .   c - +0 robe
rPois   .          Reflect  .   (no helmet)
rElec   .          Harm     .   h - +0 cloak
rCorr   .          Rampage  .   (no gloves)
Will    .....                   e - +0 pair of boots
Stlth   ++........              (no amulet)
HPRegen 0.12/turn               k - +6 ring of dexterity
MPRegen 0.17/turn               (no ring)

@: grasped by roots, constricted
A: passive freeze
a: no special abilities


You were on level 4 of the Dungeon.
You visited 1 branch of the dungeon, and saw 4 of its levels.

You collected 204 gold pieces.

Inventory:

Hand Weapons
 b - a +0 scythe (weapon)
Armour
 c - a +0 robe (worn)
 e - a +0 pair of boots (worn)
 h - a +0 cloak (worn)
Magical Staves
 o - a staff of cold
Jewellery
 k - a +6 ring of dexterity (left hand)
Wands
 d - a wand of mindburst (15)
 i - a wand of digging (6)
Scrolls
 a - a scroll of magic mapping
 j - a scroll of fear
 v - a scroll of teleportation {unknown}
Potions
 f - a potion of ambrosia
 g - a potion of resistance
 l - a potion of might
 m - 2 potions of mutation
 p - a potion of attraction {unknown}
 q - a potion of magic
 r - a potion of lignification
 s - 2 potions of curing
 t - a potion of haste
 u - a potion of flight {unknown}


   Skills:
 - Level 2.4 Dodging
 - Level 2.4 Stealth
 + Level 7.9 Spellcasting
 - Level 1.1 Transmutations
 + Level 6.9 Earth Magic


You had 11 spell levels left.
You knew the following spells:

 Your Spells              Type           Power      Damage    Failure   Level
a - Sandblast             Erth           70%        2d15      1%          1
b - Stone Arrow           Conj/Erth      42%        3d9       6%          3
c - Petrify               Tmut/Erth      24%        N/A       16%         4
z - Passwall              Tmut/Erth      20%        N/A       2%          2

Your spell library contained the following spells:

 Spells                   Type           Power      Damage    Failure   Level
 Magic Dart               Conj           28%        1d4       9%          1
 Ensorcelled Hibernation  Hex/Ice        14%        N/A       13%         2
 Searing Ray              Conj           14%        2d5       13%         2
 Static Discharge         Conj/Air       7%         3-4/arc   13%         2
 Spider Form              Tmut/Pois      10%        N/A       21%         3
 Dazzling Flash           Conj/Hex       14%        N/A       26%         3
 Gell's Gravitas          Tloc           7%         N/A       26%         3
 Lesser Beckoning         Tloc           7%         N/A       26%         3
 Ozocubu's Armour         Ice            7%         N/A       26%         3
 Teleport Other           Tloc           7%         N/A       26%         3
 Anguish                  Hex/Necr       3%         N/A       65%         4
 Dispel Undead            Necr           7%         3d8       65%         4
 Fulminant Prism          Conj/Hex       3%         3d6       65%         4
 Sticky Flame             Conj/Fire      7%         2d3       65%         4
 Agony                    Necr           7%         N/A       94%         5
 Metabolic Englaciation   Hex/Ice        3%         N/A       94%         5
 Silence                  Hex/Air        3%         N/A       94%         5
 Simulacrum               Ice/Necr       3%         N/A       100%        6


Dungeon Overview and Level Annotations

Branches:
Dungeon (4/15)
 Temple: D:4-7

Altars:
Dithmenos
Fedhas
Gozag
Uskayaw

Annotations:
D:4 Pikel


Innate Abilities, Weirdness & Mutations

A frigid envelope surrounds you and freezes all who hurt you.


Message History

Aiming: Sandblast (safe; 1% risk of failure)
Press: ? - help, Shift-Dir - straight line, f/p - Pikel
Aim: Pikel, wielding a +1 whip of freezing, wearing a +1 robe of fire resistance and carrying a wand of roots (2) (moderately wounded, 80% to hit)
The blast of sand hits Pikel!
Pikel is severely wounded.
Pikel hits you with a +1 whip of freezing.
Pikel freezes you.
Pikel is very cold.
Pikel is severely wounded.
The lemure completely misses you. The lemure barely misses you. x2
Pikel zaps a wand.
The roots erupt in riotous growth!
The grasping roots grab you!
The lemure is unaffected.
Pikel is unaffected.
The lemure is unaffected.
The grasping roots constrict you. The lemure hits you.
The lemure is very cold.
The lemure is lightly wounded.
Casting: Sandblast (safe; 1% risk of failure)
Confirm with . or Enter, or press ? or * to list all spells.
Aiming: Sandblast (safe; 1% risk of failure)
Press: ? - help, Shift-Dir - straight line, f/p - Pikel
Aim: Pikel, wielding a +1 whip of freezing, wearing a +1 robe of fire resistance and carrying a wand of roots (1) (severely wounded, 80% to hit)
The blast of sand hits Pikel.
Pikel is almost dead.
Pikel hits you with a +1 whip of freezing.
Pikel freezes you.
Pikel is very cold.
Pikel is almost dead.
The grasping roots constrict you!
* * * LOW HITPOINT WARNING * * *
The lemure hits you but does no damage.
The lemure is very cold.
The lemure is lightly wounded.
The lemure barely misses you.
Casting: Sandblast (safe; 1% risk of failure)
Confirm with . or Enter, or press ? or * to list all spells.
Aiming: Sandblast (safe; 1% risk of failure)
Press: ? - help, Shift-Dir - straight line, f/p - Pikel
Aim: Pikel, wielding a +1 whip of freezing, wearing a +1 robe of fire resistance and carrying a wand of roots (1) (almost dead, 80% to hit)
The blast of sand hits Pikel.
Pikel is almost dead.
Pikel hits you with a +1 whip of freezing.
* * * LOW HITPOINT WARNING * * *
Pikel freezes you.
You die...

##...######.###.#
#.#
##.....)...###.###.#
#.#######.#.....#.#
#.# #....#.)..# ##+#
###.###.### #...
#..#..# ..?..
#.#.#.#
......######.....#
......5K@......###
......r55......#
........###....#
......#.# .....#
....J##.##.#.###
#...# #.##.#.# ##'#
#.##.#.# #. #......#


You could see Pikel, 3 lemures, an endoplasm and a quokka.

Vanquished Creatures
  Sigmund (D:2)
  A black bear (D:4)
  A lemure (D:4)
  A necrophage (D:4)
  2 orc priests (D:4)
  A hound (D:4)
  Natasha (thrice) (D:2)
  4 adders
  4 worms
  4 dart slugs
  13 orcs
  8 ball pythons
  9 endoplasms
  A giant cockroach (D:2)
  9 goblins
  5 hobgoblins
  5 jackals
  4 quokkas
  7 bats
  5 frilled lizards
  7 kobolds
  10 rats
  27 bushes (D:1)
  7 butterflies (D:1)
139 creatures vanquished.

Vanquished Creatures (others)
  23 plants (D:3)
23 creatures vanquished.

Grand Total: 162 creatures vanquished

Notes
Turn   | Place    | Note
-------+----------+-------------------------------------------
     0 | D:1      | Heoruswealwe the Deep Elf Earth Elementalist began the
                  | quest for the Orb.
     0 | D:1      | Reached XP level 1. HP: 10/10 MP: 6/6
   589 | D:1      | Reached XP level 2. HP: 15/15 MP: 4/8
   592 | D:1      | Learned a level 2 spell: Passwall
   721 | D:1      | Found a faded altar of an unknown god.
   744 | D:1      | Prayed at the altar of an unknown god.
   744 | D:1      | Became a worshipper of Uskayaw the Reveller
   744 | D:1      | Reached * piety under Uskayaw
   745 | D:1      | Fell from the grace of Uskayaw
  1023 | D:2      | Gained mutation: You are partially covered in iridescent
                  | scales. (AC +2) [potion of mutation]
  1023 | D:2      | Gained mutation: You are mostly covered in iridescent
                  | scales. (AC +4) [potion of mutation]
  1024 | D:2      | Lost mutation: You are mostly covered in iridescent scales.
                  | (AC +4) [potion of mutation]
  1024 | D:2      | Lost mutation: You are partially covered in iridescent
                  | scales. (AC +2) [potion of mutation]
  1024 | D:2      | Gained mutation: A frigid envelope surrounds you and
                  | freezes all who hurt you. [potion of mutation]
  1048 | D:2      | Reached skill level 4 in Spellcasting
  1058 | D:2      | Reached XP level 3. HP: 19/19 MP: 3/10
  1109 | D:2      | Learned a level 3 spell: Stone Arrow
  1314 | D:2      | Noticed Natasha
  1318 | D:2      | Killed Natasha
  1319 | D:2      | Reached XP level 4. HP: 24/24 MP: 7/12
  1327 | D:2      | Learned a level 4 spell: Petrify
  1366 | D:2      | Noticed Natasha
  1369 | D:2      | Killed Natasha
  1370 | D:2      | Reached skill level 5 in Spellcasting
  1610 | D:2      | Noticed Natasha
  1613 | D:2      | Paralysed by the fury of Uskayaw for 2 turns
  1618 | D:2      | Killed Natasha
  1619 | D:2      | Reached skill level 5 in Earth Magic
  1619 | D:2      | Reached XP level 5. HP: 28/28 MP: 9/15
  1687 | D:2      | Noticed Sigmund
  1691 | D:2      | Killed Sigmund
  1692 | D:2      | Reached skill level 6 in Spellcasting
  1692 | D:2      | Reached XP level 6. HP: 22/32 MP: 12/17
  2629 | D:1      | Paralysed by the fury of Uskayaw for 4 turns
  3678 | D:1      | Paralysed by the fury of Uskayaw for 4 turns
  3678 | D:1      | Was forgiven by Uskayaw
  4596 | D:3      | Found a blossoming altar of Fedhas.
  4819 | D:3      | Found an opulent altar of Gozag.
  4821 | D:3      | Found an opulent altar of Gozag.
  4821 | D:3      | Found an opulent altar of Gozag.
  4826 | D:3      | Found an opulent altar of Gozag.
  5489 | D:4      | Reached skill level 7 in Spellcasting
  5929 | D:4      | Found a shadowy altar of Dithmenos.
  6029 | D:4      | Reached XP level 7. HP: 25/36 MP: 15/19
  6086 | D:4      | Noticed Pikel
  6128 | D:4      | Slain by Pikel

Illustrated notes

Levels and vault maps discovered:
D:1:      nagdon_arrival_double_spiral, layout_loops_ring, serial_aquarium,
          aquarium_bridge_square [aquarium_subvault_wall,
          aquarium_subvault_bridge, aquarium_subvault_bridge,
          aquarium_subvault_wall], aquarium_bridge_square
          [aquarium_subvault_balcony, aquarium_subvault_bridge,
          aquarium_subvault_wall, aquarium_subvault_bridge],
          aquarium_window_fake, aquarium_window_fake, aquarium_window_1,
          aquarium_view_2c, ebering_ecumenical_altar_box, amethyst_killhole
D:2:      minmay_diamond_boxcup, layout_rooms, minmay_pentomino_pile,
          uniq_natasha, uniq_sigmund
D:3:      layout_rooms, nicolae_gozag_conspicuous_consumption,
          mainiacjoe_overflow_catwalk, corner_web_ring, chequers_big_river,
          grunt_ministairs_11, st_stairs_8, minmay_misc_feat_plants,
          hangedman_decor_push, minmay_ruptured
D:4:      layout_loops_corners, mainiacjoe_overflow_cross_hatched, uniq_pikel

Skill      XL: |  1  2  3  4  5  6 |
---------------+-------------------+-----
Spellcasting   | 4 5 6 7 |  7.9
Earth Magic    | 4 5 6 |  6.9
Dodging        | |  2.4
Stealth        | |  2.4
Transmutations | |  1.1

Action                   |  1- 3 |  4- 6 |  7- 9 || total
-------------------------+-------+-------+-------++-------
Melee: Unarmed           |     3 |     1 |       ||     4
       Halberd           |       |  2122 |       ||  2122
 Cast: Sandblast         |    53 |    83 |    17 ||   153
       Passwall          |       |    17 |       ||    17
Invok: Renounce Religion |     1 |       |       ||     1
Evoke: Wand              |       |     1 |       ||     1
  Use: Potion            |     6 |     3 |     2 ||    11
       Scroll            |     2 |     8 |       ||    10
 Stab: Distracted        |       |     1 |       ||     1
Armor: Robe              |     5 |     4 |     3 ||    12
Dodge: Dodged            |    16 |    18 |     4 ||    38
